Nordiques vs Rangers

Created - 23 novembre 2016 at 23:47

Goals
1 2 3 T
Nordiques 0 3 1 4
Rangers 0 1 1 2
Shots
1 2 3 T
Nordiques 6 13 9 28
Rangers 9 12 18 39

1st period

No Goal

Penalties :
Drew Stafford (NYR) for Hooking (Minor) at 10:27, T.J. Fast (Que) for Slashing (Minor) at 18:34

2nd period

1. Nordiques , Chris Drury 6 (R.J. Umberger, Nikita Kucherov) at 3:49 (PP)
2. Nordiques , Vaclav Prospal 5 (Kyle Calder, Jean-Pierre Dumont) at 4:09
3. Nordiques , Vaclav Prospal 6 (Kyle Calder, Jean-Pierre Dumont) at 14:46
4. Rangers , Drew Stafford 7 (Milan Lucic, Patrice Bergeron) at 16:00

Penalties :
Artem Anisimov (NYR) for Roughing (Minor) at 0:27, Milan Lucic (NYR) for Holding (Minor) at 3:04, Stephen Weiss (NYR) for Interference (Minor) at 10:16, R.J. Umberger (Que) for Hooking (Minor) at 16:18

3rd period

5. Rangers , Milan Lucic 6 (Patrice Bergeron, Drew Stafford) at 3:40
6. Nordiques , Rich Peverley 3 (Vaclav Prospal, Pascal Dupuis) at 19:34 (Empty Net)

Penalties :
Nikita Kucherov (Que) for Holding (Minor) at 16:40

Goalie Stats

Martin Brodeur (Que), 37 saves from 39 shots - (0,949), W, 5-3-1, 60:00 minutes
Henrik Lundqvist (NYR), 24 saves from 27 shots - (0,889), L, 8-3-0, 59:22 minutes

Players Stats for Nordiques

Player Name              G  A  P  +/- PIM S  H  SB GA TA FO     MP     PP MP  PK MP  
------------------------------------------------------------------------------------
Chris Drury              1  0  1  -1  0   4  2  0  1  1  14/29  22:23   3:50   3:12 
Dmitry Kulikov           0  0  0  -2  0   1  1  0  0  1  0/0    22:11   2:47   2:58 
Dustin Byfuglien         0  0  0   1  0   0  1  0  1  1  0/0    23:54   3:49   0:35 
Fedor Tyutin             0  0  0   1  0   5  1  3  0  1  0/0    23:19   3:49   0:00 
Jarret Stoll             0  0  0   0  0   2  1  0  0  0  4/5    13:48   0:00   1:56 
Jean-Pierre Dumont       0  2  2   1  0   2  0  0  0  0  0/1    15:36   2:34   0:00 
Kyle Calder              0  2  2   1  0   1  2  0  0  0  0/1    16:55   2:23   1:30 
Mark Eaton               0  0  0   2  0   2  1  0  0  0  0/0    15:29   0:00   3:52 
Matt Moulson             0  0  0   0  0   1  1  0  0  0  2/3    12:11   0:42   0:00 
Michael Ryder            0  0  0   0  0   1  2  0  0  1  0/0    11:29   0:00   0:00 
Nikita Kucherov          0  1  1  -1  2   2  1  0  1  0  2/2    18:49   3:29   0:00 
Nikolai Kulemin          0  0  0   0  0   0  0  0  0  0  0/0     7:35   0:26   0:00 
Pascal Dupuis            0  1  1   1  0   0  1  0  0  0  3/4    10:47   0:00   3:12 
R.J. Umberger            0  1  1  -1  2   1  1  0  2  1  0/3    18:32   3:29   0:00 
Rich Peverley            1  0  1   1  0   1  0  0  2  0  1/2     9:33   0:00   1:52 
Ryan Ellis               0  0  0  -2  0   1  0  1  2  1  0/0    21:12   2:47   1:59 
T.J. Fast                0  0  0   2  2   2  3  1  0  1  0/0    14:26   0:32   2:18 
Vaclav Prospal           2  1  3   2  0   2  0  0  0  0  3/8    15:51   2:23   0:00 

Players Stats for Rangers

Player Name              G  A  P  +/- PIM S  H  SB GA TA FO     MP     PP MP  PK MP  
------------------------------------------------------------------------------------
Alexei Emelin            0  0  0  -1  0   0  1  1  2  1  0/0    16:01   0:00   3:04 
Artem Anisimov           0  0  0   0  2   3  3  0  0  0  3/9    16:05   3:31   1:14 
Bryan Young              0  0  0   0  0   1  1  1  0  0  0/0    14:26   0:00   2:44 
Cam Barker               0  0  0   0  0   2  3  2  1  0  0/0    27:20   3:32   3:32 
Chris Bourque            0  0  0  -1  0   4  2  0  0  0  0/0    12:07   0:00   0:49 
Drew Stafford            1  1  2   0  2   2  3  1  0  2  2/4    19:26   3:21   0:00 
Gustav Nyquist           0  0  0   0  0   0  0  0  0  1  0/0     7:21   0:00   0:00 
Jakob Silfverberg        0  0  0  -1  0   1  4  0  0  0  1/2    15:30   2:30   0:00 
Matt Greene              0  0  0   0  0   0  1  1  0  1  0/0    23:33   2:19   3:23 
Matt Read                0  0  0   0  0   6  1  0  0  0  0/0    13:10   0:00   1:49 
Mike Cammalleri          0  0  0   0  0   0  1  1  0  0  0/0    14:57   2:30   0:00 
Milan Lucic              1  1  2   0  2   8  2  0  1  0  1/1    19:13   3:21   0:10 
Nick Foligno             0  0  0   0  0   3  3  0  0  1  0/0    11:08   0:00   3:39 
Patrice Bergeron         0  2  2   0  0   3  3  0  2  2  13/27  21:05   3:21   1:52 
Ryan Suter               0  0  0   0  0   3  1  4  0  1  0/0    21:09   2:19   0:29 
Staffan Kronwall         0  0  0  -1  0   1  0  1  0  0  0/0    13:59   0:00   0:00 
Stephen Weiss            0  0  0  -1  2   2  1  0  1  0  6/11   15:36   2:30   0:00 
Valtteri Filppula        0  0  0   0  0   0  0  0  1  0  3/4    11:08   0:00   3:39 

3 Stars

1 - Vaclav Prospal (Que)
2 - Drew Stafford (NYR)
3 - Kyle Calder (Que)

Power Play

Nordiques - 1 on 4 Attempt(s) - 25,00%
Rangers - 0 on 3 Attempt(s) - 0,00%

Penalty Kill

Nordiques - 3 on 3 Attempt(s) - 100,00% - Score 0 goal in Penalty Kill
Rangers - 3 on 4 Attempt(s) - 75,00% - Score 0 goal in Penalty Kill

Team Stat

Nordiques - Hits : 18 - Faceoff Wins : 29 - Blocked Shots : 5 - Penalty Minutes : 6
Rangers - Hits : 30 - Faceoff Wins : 29 - Blocked Shots : 12 - Penalty Minutes : 8

Official

Referees : VanMassenhoven Don and O'Rourke Dan
Linesman : Pierre Racicot and Don Henderson

Game Notes

Rich Peverley has scored in a empty net!

Finance

Level 1 -- Attendance: 4806 (80,10%) -- Ticket Income 432 540 $
Level 2 -- Attendance: 3746 (74,92%) -- Ticket Income 206 030 $
Level 3 -- Attendance: 1993 (99,65%) -- Ticket Income 59 790 $
Level 4 -- Attendance: 4000 (100,00%) -- Ticket Income 80 000 $
Luxury Box -- Attendance: 721 (72,10%) -- Ticket Income 126 175 $
Game was played at the Madison Square Garden.
Total Attendance: 15266 (84,81%)
Total Ticket Income: 904 535 $
Other Income: 135 680 $
Total Income: 1 040 215 $

Nordiques

5 vs 5 Forward 
   Center                   Left Wing                Right Wing               Time % Phy DF OF 
 1 Chris Drury              R.J. Umberger            Nikita Kucherov          40     0   0  5  
 2 Vaclav Prospal           Kyle Calder              Jean-Pierre Dumont       30     0   0  5  
 3 Jarret Stoll             Matt Moulson             Michael Ryder            20     0   0  5  
 4 Rich Peverley            Nikolai Kulemin          Pascal Dupuis            10     0   0  5  

5 vs 5 Defense 
   Defense                  Defense                                           Time % Phy DF OF 
 1 Fedor Tyutin             Dustin Byfuglien                                  40     1   1  3  
 2 Ryan Ellis               Dmitry Kulikov                                    30     1   1  3  
 3 T.J. Fast                Mark Eaton                                        20     1   3  1  
 4 Fedor Tyutin             Dustin Byfuglien                                  10     1   1  3  

PowerPlay Forward 
   Center                   Left Wing                Right Wing               Time % Phy DF OF 
 1 Chris Drury              R.J. Umberger            Nikita Kucherov          60     0   0  5  
 2 Vaclav Prospal           Kyle Calder              Jean-Pierre Dumont       40     0   0  5  

PowerPlay Defense
   Defense                  Defense                                           Time % Phy DF OF 
 1 Fedor Tyutin             Dustin Byfuglien                                  60     1   0  4  
 2 Ryan Ellis               Dmitry Kulikov                                    40     1   0  4  

Penalty Kill 4 Players Forward 
   Center                   Wing                     Time % Phy DF OF 
 1 Pascal Dupuis            Chris Drury              60     1   3  1  
 2 Jarret Stoll             Rich Peverley            40     1   3  1  

Penalty Kill 4 Players Defense
   Defense                  Defense                  Time % Phy DF OF 
 1 T.J. Fast                Mark Eaton               60     2   3  0  
 2 Ryan Ellis               Dmitry Kulikov           40     2   3  0  

Penalty Kill - 3 Players Forward 
   Forward                                           Time % Phy DF OF 
 1 Pascal Dupuis                                     60     1   4  0  
 2 Jarret Stoll                                      40     2   3  0  

Penalty Kill - 3 Players Defense
   Defense                  Defense                  Time % Phy DF OF 
 1 T.J. Fast                Mark Eaton               60     1   4  0  
 2 Dustin Byfuglien         Dmitry Kulikov           40     1   4  0  

4 vs 4 Forward 
   Center                   Wing                     Time % Phy DF OF 
 1 Chris Drury              Jean-Pierre Dumont       60     1   1  3  
 2 Vaclav Prospal           Nikita Kucherov          40     1   1  3  

4 vs 4 Defense
   Defense                  Defense                  Time % Phy DF OF 
 1 Ryan Ellis               Dmitry Kulikov           60     1   3  1  
 2 Fedor Tyutin             Dustin Byfuglien         40     1   3  1  

Last Minutes Offensive
   Center                   Left Wing                Right Wing               Defense                  Defense                  
   Chris Drury              R.J. Umberger            Nikita Kucherov          Ryan Ellis               Dmitry Kulikov           

Last Minutes Defensive
   Center                   Left Wing                Right Wing               Defense                  Defense                  
   Pascal Dupuis            Rich Peverley            Vaclav Prospal           T.J. Fast                Mark Eaton               

Goaltenders
Starting : Martin Brodeur           
Backup : Julien Ellis             

Extra Forwards
Normal : Chris Drury, Nikita Kucherov, R.J. Umberger - PP : Matt Moulson, Nikolai Kulemin - PK : Rich Peverley
Extra Defensemen
Normal : Fedor Tyutin, Ryan Ellis, Dustin Byfuglien - PP : Fedor Tyutin - PK : Dmitry Kulikov, T.J. Fast
Penalty Shots
R.J. Umberger, Chris Drury, Vaclav Prospal, Jean-Pierre Dumont, Kyle Calder

Rangers

5 vs 5 Forward 
   Center                   Left Wing                Right Wing               Time % Phy DF OF 
 1 Patrice Bergeron         Milan Lucic              Drew Stafford            40     1   2  2  
 2 Stephen Weiss            Mike Cammalleri          Jakob Silfverberg        30     1   2  2  
 3 Artem Anisimov           Chris Bourque            Matt Read                20     1   2  2  
 4 Valtteri Filppula        Nick Foligno             Gustav Nyquist           10     1   2  2  

5 vs 5 Defense 
   Defense                  Defense                                           Time % Phy DF OF 
 1 Cam Barker               Ryan Suter                                        40     1   2  2  
 2 Matt Greene              Staffan Kronwall                                  30     1   2  2  
 3 Alexei Emelin            Bryan Young                                       20     1   2  2  
 4 Cam Barker               Matt Greene                                       10     1   2  2  

PowerPlay Forward 
   Center                   Left Wing                Right Wing               Time % Phy DF OF 
 1 Patrice Bergeron         Milan Lucic              Drew Stafford            60     1   2  2  
 2 Stephen Weiss            Mike Cammalleri          Jakob Silfverberg        40     1   2  2  

PowerPlay Defense
   Defense                  Defense                                           Time % Phy DF OF 
 1 Cam Barker               Artem Anisimov                                    60     1   2  2  
 2 Matt Greene              Ryan Suter                                        40     1   2  2  

Penalty Kill 4 Players Forward 
   Center                   Wing                     Time % Phy DF OF 
 1 Valtteri Filppula        Nick Foligno             60     1   2  2  
 2 Artem Anisimov           Matt Read                40     1   2  2  

Penalty Kill 4 Players Defense
   Defense                  Defense                  Time % Phy DF OF 
 1 Cam Barker               Matt Greene              60     1   2  2  
 2 Bryan Young              Alexei Emelin            40     1   2  2  

Penalty Kill - 3 Players Forward 
   Forward                                           Time % Phy DF OF 
 1 Matt Read                                         60     1   2  2  
 2 Nick Foligno                                      40     1   2  2  

Penalty Kill - 3 Players Defense
   Defense                  Defense                  Time % Phy DF OF 
 1 Cam Barker               Matt Greene              60     1   2  2  
 2 Bryan Young              Alexei Emelin            40     1   2  2  

4 vs 4 Forward 
   Center                   Wing                     Time % Phy DF OF 
 1 Patrice Bergeron         Milan Lucic              60     1   2  2  
 2 Stephen Weiss            Jakob Silfverberg        40     1   2  2  

4 vs 4 Defense
   Defense                  Defense                  Time % Phy DF OF 
 1 Cam Barker               Ryan Suter               60     1   2  2  
 2 Matt Greene              Staffan Kronwall         40     1   2  2  

Last Minutes Offensive
   Center                   Left Wing                Right Wing               Defense                  Defense                  
   Patrice Bergeron         Milan Lucic              Jakob Silfverberg        Cam Barker               Drew Stafford            

Last Minutes Defensive
   Center                   Left Wing                Right Wing               Defense                  Defense                  
   Patrice Bergeron         Nick Foligno             Matt Read                Cam Barker               Matt Greene              

Goaltenders
Starting : Henrik Lundqvist         
Backup : Hannu Toivonen           

Extra Forwards
Normal : Artem Anisimov, Valtteri Filppula, Milan Lucic - PP : Jakob Silfverberg, Patrice Bergeron - PK : Patrice Bergeron
Extra Defensemen
Normal : Matt Greene, Ryan Suter, Cam Barker - PP : Ryan Suter - PK : Alexei Emelin, Matt Greene
Penalty Shots
Patrice Bergeron, Jakob Silfverberg, Milan Lucic, Stephen Weiss, Valtteri Filppula

% Time on Ice - Nordiques

Lines # - Real PCT - Wanted PCT - Time Play
Normal Forward
1 - 33% - 40% - 15:27
2 - 28% - 30% - 12:56
3 - 24% - 20% - 11:29
4 - 15% - 10% - 7:03
Normal Defense
1 - 39% - 40% - 18:21
2 - 35% - 30% - 16:20
3 - 24% - 20% - 11:18
4 - 2% - 10% - 0:56
PP Forward
1 - 64% - 60% - 4:13
2 - 36% - 40% - 2:23
PP Defense
1 - 68% - 60% - 4:28
2 - 32% - 40% - 2:08
PK Forward
1 - 81% - 60% - 4:44
2 - 19% - 40% - 1:07
PK Defense
1 - 66% - 60% - 3:52
2 - 34% - 40% - 1:59
PK3 Forward
1 - 0% - 60%
2 - 0% - 40%
PK3 Defense
1 - 0% - 60%
2 - 0% - 40%
44 Forward
1 - 100% - 60% - 0:06
2 - 0% - 40% - 0:00
44 Defense
1 - 100% - 60% - 0:06
2 - 0% - 40% - 0:00
Last Minute Offensive  - 0:00
Last Minute Defensive  - 0:32
Total
Forward - 60:00
Defense - 60:00

% Time on Ice - Rangers

Lines # - Real PCT - Wanted PCT - Time Play
Normal Forward
1 - 34% - 40% - 15:45
2 - 28% - 30% - 13:03
3 - 23% - 20% - 10:45
4 - 16% - 10% - 7:21
Normal Defense
1 - 39% - 40% - 18:06
2 - 33% - 30% - 15:20
3 - 25% - 20% - 11:34
4 - 4% - 10% - 1:54
PP Forward
1 - 57% - 60% - 3:21
2 - 43% - 40% - 2:30
PP Defense
1 - 60% - 60% - 3:32
2 - 40% - 40% - 2:19
PK Forward
1 - 72% - 60% - 4:47
2 - 28% - 40% - 1:49
PK Defense
1 - 59% - 60% - 3:52
2 - 41% - 40% - 2:44
PK3 Forward
1 - 0% - 60%
2 - 0% - 40%
PK3 Defense
1 - 0% - 60%
2 - 0% - 40%
44 Forward
1 - 100% - 60% - 0:06
2 - 0% - 40% - 0:00
44 Defense
1 - 100% - 60% - 0:06
2 - 0% - 40% - 0:00
Last Minute Offensive  - 0:33
Last Minute Defensive  - 0:00
Total
Forward - 60:00
Defense - 60:00

Play by Play

1st period


0:01 of 1st period - Patrice Bergeron wins face-off versus Chris Drury in neutral zone.
0:33 of 1st period - Slapshot by Jean-Pierre Dumont.
0:33 of 1st period - Stopped by Henrik Lundqvist without a rebound.
0:34 of 1st period - Vaclav Prospal wins face-off versus Artem Anisimov in Rangers zone.
1:00 of 1st period - Gustav Nyquist is hit by Michael Ryder and loses puck.
1:18 of 1st period - Off-side.
1:19 of 1st period - Rich Peverley wins face-off versus Stephen Weiss in neutral zone.
1:44 of 1st period - Drew Stafford is hit by T.J. Fast and loses puck.
2:11 of 1st period - Matt Moulson is hit by Chris Bourque and loses puck.
2:30 of 1st period - Wrist shot by Kyle Calder.
2:30 of 1st period - Shot Misses the Net.
2:32 of 1st period - Slapshot by Fedor Tyutin.
2:32 of 1st period - Shot Misses the Net.
3:15 of 1st period - Chris Drury is hit by Matt Greene and loses puck.
3:26 of 1st period - Snap shot by Nikita Kucherov.
3:26 of 1st period - Stopped by Henrik Lundqvist without a rebound.
3:27 of 1st period - Jarret Stoll wins face-off versus Artem Anisimov in Rangers zone.
4:39 of 1st period - Wrist shot by Gustav Nyquist.
4:39 of 1st period - Shot Misses the Net.
4:45 of 1st period - Wrist shot by Valtteri Filppula.
4:45 of 1st period - Shot Misses the Net.
4:55 of 1st period - Jarret Stoll is hit by Artem Anisimov and loses puck.
5:02 of 1st period - Slapshot by Mark Eaton.
5:02 of 1st period - Deflect By Bryan Young.
5:02 of 1st period - Stopped by Henrik Lundqvist with a rebound.
5:04 of 1st period - Slapshot by T.J. Fast.
5:04 of 1st period - Deflect By Chris Bourque.
5:04 of 1st period - Stopped by Henrik Lundqvist with a rebound.
5:06 of 1st period - Slapshot by Matt Moulson.
5:06 of 1st period - Shot Blocked by Bryan Young.
5:17 of 1st period - Icing by Jakob Silfverberg.
5:18 of 1st period - Stephen Weiss wins face-off versus R.J. Umberger in Rangers zone.
5:47 of 1st period - Slapshot by Milan Lucic.
5:47 of 1st period - Stopped by Martin Brodeur with a rebound.
5:49 of 1st period - Slapshot by Drew Stafford.
5:49 of 1st period - Stopped by Martin Brodeur with a rebound.
6:03 of 1st period - Dmitry Kulikov is hit by Matt Read.
6:04 of 1st period - Icing by Dmitry Kulikov.
6:05 of 1st period - Matt Moulson wins face-off versus Artem Anisimov in Nordiques zone.
6:20 of 1st period - Snap shot by Matt Moulson.
6:20 of 1st period - Shot Blocked by Cam Barker.
6:53 of 1st period - Jakob Silfverberg is hit by Dustin Byfuglien and loses puck.
7:00 of 1st period - Snap shot by Vaclav Prospal.
7:00 of 1st period - Shot Blocked by Alexei Emelin.
7:02 of 1st period - Backhand shot by T.J. Fast.
7:02 of 1st period - Shot Blocked by Mike Cammalleri.
7:14 of 1st period - Pascal Dupuis is hit by Nick Foligno.
7:42 of 1st period - Patrice Bergeron is hit by Jarret Stoll and loses puck.
7:47 of 1st period - Snap shot by Michael Ryder.
7:47 of 1st period - Stopped by Henrik Lundqvist without a rebound.
7:48 of 1st period - Stephen Weiss wins face-off versus Chris Drury in Rangers zone.
8:21 of 1st period - Wrist shot by Jean-Pierre Dumont.
8:21 of 1st period - Deflect By Kyle Calder.
8:21 of 1st period - Shot Blocked by Ryan Suter.
8:21 of 1st period - Puck is out of play.
8:22 of 1st period - Patrice Bergeron wins face-off versus Chris Drury in Rangers zone.
9:00 of 1st period - Snap shot by Stephen Weiss.
9:00 of 1st period - Stopped by Martin Brodeur with a rebound.
9:22 of 1st period - Snap shot by Matt Read.
9:22 of 1st period - Stopped by Martin Brodeur with a rebound.
9:47 of 1st period - Ryan Suter is hit by Kyle Calder and loses puck.
10:14 of 1st period - Wrist shot by Jean-Pierre Dumont.
10:14 of 1st period - Stopped by Henrik Lundqvist without a rebound.
10:15 of 1st period - Nikita Kucherov wins face-off versus Patrice Bergeron in Rangers zone.
10:27 of 1st period - Minor Penalty to Drew Stafford for Hooking.
10:28 of 1st period - Valtteri Filppula wins face-off versus Chris Drury in Rangers zone.
11:58 of 1st period - Dmitry Kulikov is hit by Alexei Emelin and loses puck.
12:09 of 1st period - Slapshot by Patrice Bergeron.
12:09 of 1st period - Stopped by Martin Brodeur without a rebound.
12:10 of 1st period - Patrice Bergeron wins face-off versus Kyle Calder in Nordiques zone.
12:27 of 1st period - Penalty to Drew Stafford is over, Drew Stafford is back on ice.
12:33 of 1st period - Matt Greene is hit by Kyle Calder.
12:37 of 1st period - Artem Anisimov is hit by T.J. Fast and loses puck.
12:55 of 1st period - Off-side.
12:56 of 1st period - Chris Drury wins face-off versus Stephen Weiss in neutral zone.
12:59 of 1st period - Snap shot by R.J. Umberger.
12:59 of 1st period - Shot Blocked by Cam Barker.
13:21 of 1st period - Matt Moulson is hit by Milan Lucic and loses puck.
14:04 of 1st period - Snap shot by Stephen Weiss.
14:04 of 1st period - Shot Hit the Post.
14:51 of 1st period - Snap shot by Chris Drury.
14:51 of 1st period - Shot Misses the Net.
15:01 of 1st period - Cam Barker is hit by Matt Moulson and loses puck.
15:16 of 1st period - Wrist shot by Patrice Bergeron.
15:16 of 1st period - Shot Misses the Net.
15:18 of 1st period - Slapshot by Cam Barker.
15:18 of 1st period - Stopped by Martin Brodeur without a rebound.
15:19 of 1st period - Chris Drury wins face-off versus Patrice Bergeron in Nordiques zone.
15:19 of 1st period - Chris Drury is hit by Drew Stafford.
15:55 of 1st period - Wrist shot by Jean-Pierre Dumont.
15:55 of 1st period - Shot Misses the Net.
16:07 of 1st period - Mark Eaton is hit by Artem Anisimov and loses puck.
16:28 of 1st period - Valtteri Filppula is hit by T.J. Fast and loses puck.
17:20 of 1st period - Wrist shot by Jakob Silfverberg.
17:20 of 1st period - Deflect By Stephen Weiss.
17:20 of 1st period - Stopped by Martin Brodeur with a rebound.
17:22 of 1st period - Snap shot by Mike Cammalleri.
17:22 of 1st period - Shot Misses the Net.
17:52 of 1st period - Chris Drury is hit by Nick Foligno.
18:00 of 1st period - Dustin Byfuglien is hit by Cam Barker and loses puck.
18:15 of 1st period - Snap shot by Patrice Bergeron.
18:15 of 1st period - Shot Misses the Net.
18:17 of 1st period - Slapshot by Cam Barker.
18:17 of 1st period - Stopped by Martin Brodeur without a rebound.
18:18 of 1st period - Patrice Bergeron wins face-off versus Chris Drury in Nordiques zone.
18:19 of 1st period - Slapshot by Milan Lucic.
18:19 of 1st period - Stopped by Martin Brodeur without a rebound.
18:20 of 1st period - Patrice Bergeron wins face-off versus Chris Drury in Nordiques zone.
18:34 of 1st period - Minor Penalty to T.J. Fast for Slashing.
18:35 of 1st period - Pascal Dupuis wins face-off versus Patrice Bergeron in Nordiques zone.
Goals for this period are 0 for Nordiques vs 0 for Rangers.
Shots for this period are 6 for Nordiques vs 9 for Rangers.

2nd period


0:01 of 2nd period - Milan Lucic wins face-off versus Pascal Dupuis in neutral zone.
0:09 of 2nd period - Snap shot by Milan Lucic.
0:09 of 2nd period - Shot Misses the Net.
0:11 of 2nd period - Slapshot by Artem Anisimov.
0:11 of 2nd period - Stopped by Martin Brodeur with a rebound.
0:15 of 2nd period - Wrist shot by Milan Lucic.
0:15 of 2nd period - Shot Misses the Net.
0:17 of 2nd period - Snap shot by Drew Stafford.
0:17 of 2nd period - Shot Misses the Net.
0:27 of 2nd period - Minor Penalty to Artem Anisimov for Roughing.
0:28 of 2nd period - Chris Drury wins face-off versus Patrice Bergeron in Rangers zone.
0:34 of 2nd period - Penalty to T.J. Fast is over, T.J. Fast is back on ice.
0:50 of 2nd period - Jean-Pierre Dumont is hit by Nick Foligno and loses puck.
2:27 of 2nd period - Penalty to Artem Anisimov is over, Artem Anisimov is back on ice.
2:34 of 2nd period - Off-side.
2:35 of 2nd period - Jarret Stoll wins face-off versus Stephen Weiss in neutral zone.
2:41 of 2nd period - Off-side.
2:42 of 2nd period - Jarret Stoll wins face-off versus Stephen Weiss in neutral zone.
2:45 of 2nd period - Wrist shot by Mark Eaton.
2:45 of 2nd period - Stopped by Henrik Lundqvist with a rebound.
2:47 of 2nd period - Slapshot by Jarret Stoll.
2:47 of 2nd period - Stopped by Henrik Lundqvist with a rebound.
2:49 of 2nd period - Slapshot by T.J. Fast.
2:49 of 2nd period - Stopped by Henrik Lundqvist with a rebound.
2:53 of 2nd period - Wrist shot by Matt Moulson.
2:53 of 2nd period - Shot Misses the Net.
2:55 of 2nd period - Snap shot by Michael Ryder.
2:55 of 2nd period - Shot Misses the Net.
2:57 of 2nd period - Slapshot by T.J. Fast.
2:57 of 2nd period - Shot Misses the Net.
2:59 of 2nd period - Snap shot by Matt Moulson.
2:59 of 2nd period - Stopped by Henrik Lundqvist without a rebound.
3:00 of 2nd period - Chris Drury wins face-off versus Drew Stafford in Rangers zone.
3:04 of 2nd period - Minor Penalty to Milan Lucic for Holding.
3:05 of 2nd period - Valtteri Filppula wins face-off versus Chris Drury in Rangers zone.
3:13 of 2nd period - Snap shot by Nick Foligno.
3:13 of 2nd period - Stopped by Martin Brodeur without a rebound.
3:14 of 2nd period - Valtteri Filppula wins face-off versus Chris Drury in Nordiques zone.
3:35 of 2nd period - Slapshot by R.J. Umberger.
3:35 of 2nd period - Deflect By Nikita Kucherov.
3:35 of 2nd period - Stopped by Henrik Lundqvist with a rebound.
3:47 of 2nd period - Snap shot by Chris Drury.
3:47 of 2nd period - Stopped by Henrik Lundqvist with a rebound.
3:49 of 2nd period - Snap shot by Chris Drury.
3:49 of 2nd period - Goal by Chris Drury - Nordiques : 1 - Rangers : 0.
3:50 of 2nd period - Patrice Bergeron wins face-off versus Vaclav Prospal in neutral zone.
3:53 of 2nd period - Snap shot by Patrice Bergeron.
3:53 of 2nd period - Deflect By Dustin Byfuglien.
3:53 of 2nd period - Shot Blocked by Fedor Tyutin.
3:53 of 2nd period - Puck is out of play.
3:54 of 2nd period - Patrice Bergeron wins face-off versus Vaclav Prospal in Nordiques zone.
4:07 of 2nd period - Slapshot by Kyle Calder.
4:07 of 2nd period - Shot Misses the Net.
4:09 of 2nd period - Snap shot by Vaclav Prospal.
4:09 of 2nd period - Goal by Vaclav Prospal - Nordiques : 2 - Rangers : 0.
4:10 of 2nd period - Chris Drury wins face-off versus Patrice Bergeron in neutral zone.
4:15 of 2nd period - Wrist shot by Chris Drury.
4:15 of 2nd period - Shot Misses the Net.
4:59 of 2nd period - Slapshot by Fedor Tyutin.
4:59 of 2nd period - Stopped by Henrik Lundqvist with a rebound.
5:01 of 2nd period - Snap shot by Fedor Tyutin.
5:01 of 2nd period - Stopped by Henrik Lundqvist with a rebound.
5:03 of 2nd period - Snap shot by Matt Moulson.
5:03 of 2nd period - Shot Blocked by Matt Greene.
5:05 of 2nd period - Slapshot by Fedor Tyutin.
5:05 of 2nd period - Shot Misses the Net.
5:07 of 2nd period - Wrist shot by Jarret Stoll.
5:07 of 2nd period - Shot Misses the Net.
6:15 of 2nd period - Snap shot by Jarret Stoll.
6:15 of 2nd period - Shot Misses the Net.
7:51 of 2nd period - Wrist shot by Chris Bourque.
7:51 of 2nd period - Stopped by Martin Brodeur without a rebound.
7:52 of 2nd period - Vaclav Prospal wins face-off versus Artem Anisimov in Nordiques zone.
7:57 of 2nd period - Snap shot by Vaclav Prospal.
7:57 of 2nd period - Shot Blocked by Ryan Suter.
9:04 of 2nd period - Slapshot by Dustin Byfuglien.
9:04 of 2nd period - Deflect By Pascal Dupuis.
9:04 of 2nd period - Shot Misses the Net.
9:04 of 2nd period - Puck is out of play.
9:05 of 2nd period - Nikita Kucherov wins face-off versus Artem Anisimov in Rangers zone.
9:10 of 2nd period - Slapshot by Chris Drury.
9:10 of 2nd period - Shot Misses the Net.
9:28 of 2nd period - Slapshot by Matt Read.
9:28 of 2nd period - Stopped by Martin Brodeur with a rebound.
9:30 of 2nd period - Slapshot by Matt Read.
9:30 of 2nd period - Stopped by Martin Brodeur without a rebound.
9:31 of 2nd period - Vaclav Prospal wins face-off versus Patrice Bergeron in Nordiques zone.
9:42 of 2nd period - Wrist shot by Kyle Calder.
9:42 of 2nd period - Shot Blocked by Ryan Suter.
10:16 of 2nd period - Minor Penalty to Stephen Weiss for Interference.
10:17 of 2nd period - Chris Drury wins face-off versus Valtteri Filppula in Rangers zone.
11:02 of 2nd period - Cam Barker is hit by R.J. Umberger and loses puck.
12:16 of 2nd period - Penalty to Stephen Weiss is over, Stephen Weiss is back on ice.
12:34 of 2nd period - Cam Barker is hit by Dmitry Kulikov.
12:48 of 2nd period - Backhand shot by Milan Lucic.
12:48 of 2nd period - Stopped by Martin Brodeur with a rebound.
13:08 of 2nd period - Wrist shot by Artem Anisimov.
13:08 of 2nd period - Shot Blocked by T.J. Fast.
13:10 of 2nd period - Slapshot by Ryan Suter.
13:10 of 2nd period - Stopped by Martin Brodeur with a rebound.
13:12 of 2nd period - Wrist shot by Matt Read.
13:12 of 2nd period - Stopped by Martin Brodeur without a rebound.
13:13 of 2nd period - Matt Moulson wins face-off versus Artem Anisimov in Nordiques zone.
13:27 of 2nd period - Icing by Bryan Young.
13:28 of 2nd period - Artem Anisimov wins face-off versus Chris Drury in Rangers zone.
13:35 of 2nd period - Snap shot by Artem Anisimov.
13:35 of 2nd period - Stopped by Martin Brodeur with a rebound.
13:55 of 2nd period - Snap shot by Kyle Calder.
13:55 of 2nd period - Stopped by Henrik Lundqvist without a rebound.
13:56 of 2nd period - Patrice Bergeron wins face-off versus Vaclav Prospal in Rangers zone.
14:44 of 2nd period - Wrist shot by Vaclav Prospal.
14:44 of 2nd period - Shot Blocked by Drew Stafford.
14:46 of 2nd period - Slapshot by Vaclav Prospal.
14:46 of 2nd period - Goal by Vaclav Prospal - Nordiques : 3 - Rangers : 0.
14:47 of 2nd period - Stephen Weiss wins face-off versus Chris Drury in neutral zone.
15:36 of 2nd period - Wrist shot by Fedor Tyutin.
15:36 of 2nd period - Deflect By Michael Ryder.
15:36 of 2nd period - Shot Blocked by Staffan Kronwall.
15:36 of 2nd period - Puck is out of play.
15:37 of 2nd period - Jarret Stoll wins face-off versus Patrice Bergeron in Rangers zone.
15:38 of 2nd period - Slapshot by Matt Moulson.
15:38 of 2nd period - Shot Misses the Net.
15:50 of 2nd period - Wrist shot by Patrice Bergeron.
15:50 of 2nd period - Stopped by Martin Brodeur without a rebound.
15:51 of 2nd period - Patrice Bergeron wins face-off versus Vaclav Prospal in Nordiques zone.
15:56 of 2nd period - Slapshot by Milan Lucic.
15:56 of 2nd period - Shot Blocked by Ryan Ellis.
15:58 of 2nd period - Wrist shot by Milan Lucic.
15:58 of 2nd period - Shot Misses the Net.
16:00 of 2nd period - Wrist shot by Drew Stafford.
16:00 of 2nd period - Goal by Drew Stafford - Nordiques : 3 - Rangers : 1.
16:01 of 2nd period - Chris Drury wins face-off versus Patrice Bergeron in neutral zone.
16:04 of 2nd period - Snap shot by Fedor Tyutin.
16:04 of 2nd period - Deflect By Milan Lucic.
16:04 of 2nd period - Stopped by Henrik Lundqvist without a rebound.
16:05 of 2nd period - Patrice Bergeron wins face-off versus Chris Drury in Rangers zone.
16:05 of 2nd period - Patrice Bergeron is hit by Chris Drury.
16:18 of 2nd period - Minor Penalty to R.J. Umberger for Hooking.
16:19 of 2nd period - Pascal Dupuis wins face-off versus Patrice Bergeron in Nordiques zone.
16:19 of 2nd period - Pascal Dupuis is hit by Milan Lucic.
16:30 of 2nd period - Pascal Dupuis is hit by Cam Barker and loses puck.
16:45 of 2nd period - Chris Drury is hit by Artem Anisimov and loses puck.
18:18 of 2nd period - Penalty to R.J. Umberger is over, R.J. Umberger is back on ice.
18:39 of 2nd period - Wrist shot by Nick Foligno.
18:39 of 2nd period - Stopped by Martin Brodeur with a rebound.
19:31 of 2nd period - Vaclav Prospal is hit by Bryan Young.
Goals for this period are 3 for Nordiques vs 1 for Rangers.
Shots for this period are 13 for Nordiques vs 12 for Rangers.

3rd period


0:01 of 3rd period - Chris Drury wins face-off versus Patrice Bergeron in neutral zone.
0:25 of 3rd period - Milan Lucic is hit by Fedor Tyutin.
0:31 of 3rd period - Wrist shot by Milan Lucic.
0:31 of 3rd period - Shot Blocked by Fedor Tyutin.
0:49 of 3rd period - Vaclav Prospal is hit by Jakob Silfverberg and loses puck.
1:10 of 3rd period - Slapshot by Matt Read.
1:10 of 3rd period - Stopped by Martin Brodeur with a rebound.
1:36 of 3rd period - Slapshot by Dmitry Kulikov.
1:36 of 3rd period - Stopped by Henrik Lundqvist with a rebound.
1:38 of 3rd period - Snap shot by Ryan Ellis.
1:38 of 3rd period - Stopped by Henrik Lundqvist with a rebound.
1:58 of 3rd period - Wrist shot by Michael Ryder.
1:58 of 3rd period - Deflect By Jarret Stoll.
1:58 of 3rd period - Stopped by Henrik Lundqvist with a rebound.
2:08 of 3rd period - Kyle Calder is hit by Chris Bourque and loses puck.
3:18 of 3rd period - Off-side.
3:19 of 3rd period - Chris Drury wins face-off versus Drew Stafford in neutral zone.
3:28 of 3rd period - Wrist shot by Milan Lucic.
3:28 of 3rd period - Stopped by Martin Brodeur without a rebound.
3:29 of 3rd period - Drew Stafford wins face-off versus R.J. Umberger in Nordiques zone.
3:40 of 3rd period - Wrist shot by Milan Lucic.
3:40 of 3rd period - Goal by Milan Lucic - Nordiques : 3 - Rangers : 2.
3:41 of 3rd period - Patrice Bergeron wins face-off versus Chris Drury in neutral zone.
3:44 of 3rd period - Dustin Byfuglien is hit by Patrice Bergeron and loses puck.
4:03 of 3rd period - Icing by Milan Lucic.
4:04 of 3rd period - Patrice Bergeron wins face-off versus Jean-Pierre Dumont in Rangers zone.
4:11 of 3rd period - Snap shot by Milan Lucic.
4:11 of 3rd period - Deflect By Jakob Silfverberg.
4:11 of 3rd period - Shot Misses the Net.
4:11 of 3rd period - Puck is out of play.
4:12 of 3rd period - Stephen Weiss wins face-off versus R.J. Umberger in Nordiques zone.
4:13 of 3rd period - Wrist shot by Jakob Silfverberg.
4:13 of 3rd period - Stopped by Martin Brodeur without a rebound.
4:14 of 3rd period - Jakob Silfverberg wins face-off versus Chris Drury in Nordiques zone.
4:43 of 3rd period - Snap shot by Jakob Silfverberg.
4:43 of 3rd period - Shot Misses the Net.
5:06 of 3rd period - T.J. Fast is hit by Drew Stafford and loses puck.
5:46 of 3rd period - Wrist shot by Nick Foligno.
5:46 of 3rd period - Shot Misses the Net.
5:48 of 3rd period - Snap shot by Nick Foligno.
5:48 of 3rd period - Stopped by Martin Brodeur with a rebound.
7:20 of 3rd period - Ryan Ellis is hit by Patrice Bergeron and loses puck.
8:26 of 3rd period - Slapshot by Fedor Tyutin.
8:26 of 3rd period - Stopped by Henrik Lundqvist with a rebound.
8:52 of 3rd period - Fedor Tyutin is hit by Patrice Bergeron and loses puck.
9:00 of 3rd period - Icing by Vaclav Prospal.
9:01 of 3rd period - Artem Anisimov wins face-off versus Jarret Stoll in Nordiques zone.
9:14 of 3rd period - Slapshot by Matt Moulson.
9:14 of 3rd period - Shot Blocked by Ryan Suter.
9:31 of 3rd period - Wrist shot by Chris Bourque.
9:31 of 3rd period - Stopped by Martin Brodeur with a rebound.
9:33 of 3rd period - Slapshot by Ryan Suter.
9:33 of 3rd period - Stopped by Martin Brodeur with a rebound.
9:35 of 3rd period - Snap shot by Chris Bourque.
9:35 of 3rd period - Shot Misses the Net.
9:41 of 3rd period - Snap shot by Chris Bourque.
9:41 of 3rd period - Stopped by Martin Brodeur with a rebound.
9:43 of 3rd period - Snap shot by Ryan Suter.
9:43 of 3rd period - Stopped by Martin Brodeur with a rebound.
9:45 of 3rd period - Wrist shot by Chris Bourque.
9:45 of 3rd period - Stopped by Martin Brodeur with a rebound.
10:01 of 3rd period - Snap shot by Chris Bourque.
10:01 of 3rd period - Shot Misses the Net.
10:03 of 3rd period - Wrist shot by Matt Read.
10:03 of 3rd period - Stopped by Martin Brodeur with a rebound.
10:05 of 3rd period - Wrist shot by Artem Anisimov.
10:05 of 3rd period - Stopped by Martin Brodeur without a rebound.
10:06 of 3rd period - Drew Stafford wins face-off versus Chris Drury in Nordiques zone.
10:09 of 3rd period - Snap shot by Patrice Bergeron.
10:09 of 3rd period - Shot Misses the Net.
10:15 of 3rd period - Patrice Bergeron is hit by Nikita Kucherov and loses puck.
10:37 of 3rd period - Vaclav Prospal is hit by Jakob Silfverberg and loses puck.
11:12 of 3rd period - Snap shot by Milan Lucic.
11:12 of 3rd period - Stopped by Martin Brodeur with a rebound.
11:49 of 3rd period - Valtteri Filppula is hit by Pascal Dupuis.
12:07 of 3rd period - Icing by Nikolai Kulemin.
12:08 of 3rd period - Artem Anisimov wins face-off versus Rich Peverley in Nordiques zone.
12:15 of 3rd period - Wrist shot by Milan Lucic.
12:15 of 3rd period - Stopped by Martin Brodeur without a rebound.
12:16 of 3rd period - Chris Drury wins face-off versus Patrice Bergeron in Nordiques zone.
12:35 of 3rd period - Snap shot by Patrice Bergeron.
12:35 of 3rd period - Stopped by Martin Brodeur with a rebound.
12:37 of 3rd period - Slapshot by Staffan Kronwall.
12:37 of 3rd period - Stopped by Martin Brodeur with a rebound.
12:39 of 3rd period - Wrist shot by Milan Lucic.
12:39 of 3rd period - Stopped by Martin Brodeur with a rebound.
12:51 of 3rd period - Slapshot by Patrice Bergeron.
12:51 of 3rd period - Shot Misses the Net.
13:01 of 3rd period - Staffan Kronwall is hit by Michael Ryder and loses puck.
13:07 of 3rd period - Icing by Staffan Kronwall.
13:08 of 3rd period - Chris Drury wins face-off versus Patrice Bergeron in Rangers zone.
13:11 of 3rd period - Backhand shot by R.J. Umberger.
13:11 of 3rd period - Deflect By Chris Drury.
13:11 of 3rd period - Shot Misses the Net.
13:11 of 3rd period - Puck is out of play.
13:12 of 3rd period - Chris Drury wins face-off versus Stephen Weiss in Rangers zone.
13:17 of 3rd period - Slapshot by Chris Drury.
13:17 of 3rd period - Stopped by Henrik Lundqvist without a rebound.
13:18 of 3rd period - Chris Drury wins face-off versus Jakob Silfverberg in Rangers zone.
13:25 of 3rd period - Ryan Ellis is hit by Ryan Suter and loses puck.
13:34 of 3rd period - Cam Barker is hit by Chris Drury and loses puck.
13:39 of 3rd period - Wrist shot by Chris Drury.
13:39 of 3rd period - Deflect By R.J. Umberger.
13:39 of 3rd period - Stopped by Henrik Lundqvist without a rebound.
13:40 of 3rd period - Patrice Bergeron wins face-off versus Vaclav Prospal in Rangers zone.
14:15 of 3rd period - Dmitry Kulikov is hit by Mike Cammalleri.
15:28 of 3rd period - Chris Drury is hit by Jakob Silfverberg.
15:34 of 3rd period - Slapshot by Fedor Tyutin.
15:34 of 3rd period - Stopped by Henrik Lundqvist without a rebound.
15:35 of 3rd period - Stephen Weiss wins face-off versus Matt Moulson in Rangers zone.
15:40 of 3rd period - Michael Ryder is hit by Stephen Weiss and loses puck.
15:49 of 3rd period - Michael Ryder is hit by Jakob Silfverberg and loses puck.
15:54 of 3rd period - Snap shot by Jakob Silfverberg.
15:54 of 3rd period - Shot Misses the Net.
16:14 of 3rd period - Wrist shot by Jakob Silfverberg.
16:14 of 3rd period - Shot Blocked by Fedor Tyutin.
16:16 of 3rd period - Slapshot by Bryan Young.
16:16 of 3rd period - Stopped by Martin Brodeur without a rebound.
16:17 of 3rd period - Chris Drury wins face-off versus Patrice Bergeron in Nordiques zone.
16:40 of 3rd period - Minor Penalty to Nikita Kucherov for Holding.
16:41 of 3rd period - Pascal Dupuis wins face-off versus Patrice Bergeron in Nordiques zone.
16:41 of 3rd period - Pascal Dupuis is hit by Cam Barker.
16:51 of 3rd period - Chris Drury is hit by Drew Stafford and loses puck.
18:28 of 3rd period - Cam Barker is hit by Mark Eaton and loses puck.
18:40 of 3rd period - Penalty to Nikita Kucherov is over, Nikita Kucherov is back on ice.
18:47 of 3rd period - Snap shot by Chris Drury.
18:47 of 3rd period - Stopped by Henrik Lundqvist with a rebound.
18:56 of 3rd period - Rangers, Henrik Lundqvist is pulled from the net.
19:34 of 3rd period - Snap shot by Rich Peverley.
19:34 of 3rd period - Goal by Rich Peverley - Nordiques : 4 - Rangers : 2.
19:34 of 3rd period - Henrik Lundqvist from Rangers was sent back in the game.
19:35 of 3rd period - Stephen Weiss wins face-off versus Chris Drury in neutral zone.
Goals for this period are 1 for Nordiques vs 1 for Rangers.
Shots for this period are 9 for Nordiques vs 18 for Rangers.